 Dungeon Crawl Stone Soup version 0.28.0-53-g5a82cb258f (webtiles) character file.

Game seed: 7119072211307071137

3784 issech the Protected (level 9, -4/72 HPs)
             Began as a Minotaur Monk on May 28, 2022.
             Was a Priest of Hepliaklqana.
             Killed by divine providence
             ... invoked by a smoke demon
             ... summoned by a kobold demonologist
              (13 damage)
             ... in a bailey.
             The game lasted 00:30:19 (9358 turns).

issech the Protected (Minotaur Monk)                Turns: 9358, Time: 00:30:19

Health: -4/72      AC: 22    Str: 16    XL:     9   Next: 95%
Magic:  8/8        EV:  7    Int:  7    God:    Hepliaklqana [***...]
Gold:   369        SH:  0    Dex: 17    Spells: 8/8 levels left

rFire   + . .      SeeInvis .   b - +3 broad axe (vorpal)
rCold   x . .      Faith    .   (no shield)
rNeg    . . .      Spirit   .   k - +2 plate armour
rPois   .          Reflect  .   (helmet restricted)
rElec   .          Harm     .   n - +0 cloak {Will+}
rCorr   .          Rampage  +   X - +1 pair of gloves
Will    ++...                   o - +0 pair of boots {rampage}
Stlth   ..........              (no amulet)
HPRegen 0.22/turn               M - ring of willpower
MPRegen 0.11/turn               S - ring of fire

@: no status effects
A: reduced essence, horns 2, retaliatory headbutt
a: Renounce Religion, Recall Ancestor, Ancestor Identity, Transference


You were in a bailey.
You worshipped Hepliaklqana.
Hepliaklqana was most pleased with you.
You visited 2 branches of the dungeon, and saw 10 of its levels.
You also visited: Bailey.

You collected 369 gold pieces.

Inventory:

Hand Weapons
 b - a +3 vorpal broad axe (weapon)
 i - a +0 short sword of venom
 r - a +0 shortbow
 s - a +3 flail
 u - a +0 hunting sling
 A - a +1 battleaxe
 D - a +1 dagger of venom
 O - a +0 long sword
 U - a +0 hand crossbow
Missiles
 h - 128 arrows
 j - 42 bolts
 l - 272 stones (quivered)
 m - 83 sling bullets
 v - 13 poisoned darts
 x - 3 javelins
 H - 2 atropa-tipped darts
Armour
 c - a scarf of shadows
 k - a +2 plate armour (worn)
 n - a +0 cloak of willpower (worn)
 o - a +0 pair of boots of rampaging (worn)
 F - a +2 robe of fire resistance
 N - the +1 robe of the Sacrificial Victim {rElec}
   (You found it on level 5 of the Dungeon)

   rElec:     It insulates you from electricity.
 X - a +1 pair of gloves (worn)
Jewellery
 g - a +6 ring of intelligence
 M - a ring of willpower (left hand)
 S - a ring of fire (right hand)
Wands
 y - a wand of iceblast (16)
 z - a wand of charming (7)
 L - a wand of flame (10)
Scrolls
 f - 7 scrolls of teleportation
 B - 2 scrolls of fog
 E - a scroll of fear
Potions
 a - a potion of cancellation {unknown}
 e - a potion of ambrosia {unknown}
 p - 2 potions of curing {unknown}
 q - a potion of brilliance {unknown}
 t - a potion of flight {unknown}
 w - a potion of haste {unknown}
 G - 3 potions of invisibility {unknown}
 J - a potion of might {unknown}
 K - a potion of magic {unknown}
 P - a potion of berserk rage {unknown}


   Skills:
 + Level 7.8 Fighting
 + Level 7.5 Short Blades
 + Level 6.4 Axes
 + Level 11.2 Armour
 + Level 4.4 Dodging
 + Level 2.9 Stealth


You had 8 spell levels left.
You didn't know any spells.
Your spell library contained the following spells:

 Spells                   Type           Power      Damage    Failure   Level
 Freeze                   Ice            0%         1d3       100%        1
 Call Canine Familiar     Summ           0%         N/A       100%        3
 Frozen Ramparts          Ice            0%         1d2       100%        3
 Portal Projectile        Hex/Tloc       0%         N/A       100%        3
 Hailstorm                Conj/Ice       0%         3d3       100%        4
 Leda's Liquefaction      Hex/Erth       0%         N/A       100%        4


Dungeon Overview and Level Annotations

Branches:
Dungeon (9/15)             Temple (1/1) D:7            Lair (0/6) D:8
 Bailey (1/1)
    Orc: D:9-12

Altars:
Ashenzari
Cheibriados
Dithmenos
Elyvilon
Gozag
Hepliaklqana
Kikubaaqudgha
Makhleb
Nemelex Xobeh
Okawaru
Qazlal
Ru
Sif Muna
Trog
Uskayaw
Vehumet
Wu Jian
Xom
Yredelemnul
Zin

Shops:
D:4 (   D:7 [   D:8 *


Innate Abilities, Weirdness & Mutations

Your life essence is reduced to manifest your ancestor. (-10% HP)
You have a pair of horns on your head.
You reflexively headbutt those who attack you in melee.


Message History

You closely miss the quasit. Your headbutt misses the quasit.
The quasit is moderately wounded.
You slash the crimson imp! The quasit closely misses you.
The quasit claws you but does no damage.
The quasit barely misses you.
The crimson imp hits you but does no damage.
The quasit bites you but does no damage.
The quasit closely misses you.
The quasit claws you but does no damage.
You hit the quasit.
The quasit is heavily wounded.
You hit the crimson imp. The crimson imp barely misses you.
You furiously retaliate!
You headbutt the crimson imp.
The kobold demonologist looks satisfied for a moment.
Unknown command.
You hit the sun demon.
The sun demon is lightly wounded.
You barely miss the crimson imp.
The crimson imp hits you but does no damage.
The sun demon hits you but does no damage.
The crimson imp barely misses you. You furiously retaliate!
You headbutt the crimson imp.
You kill the crimson imp!
The crimson imp disappears in a puff of smoke!
You miss the sun demon. You headbutt the sun demon.
The sun demon is lightly wounded.
The sun demon barely misses you. You furiously retaliate!
You headbutt the sun demon. The sun demon barely misses you.
You furiously retaliate!
You headbutt the sun demon.
Unknown command.
The kobold demonologist casts a spell.
The quasit disappears in a puff of smoke!
The kobold demonologist gestures wildly while chanting.
Items here: )) [[ †.
The smoke demon gestures at you. Something smites you!
* * * LOW HITPOINT WARNING * * *
The smoke demon gestures at you. Something smites you!
You die...

.....'))...# .....').⌠..#
.....'.....# ≈≈≈≈.#.....# ≈
≈≈≈≈.#''##### ≈≈
≈≈≈≈.#......# ≈≈≈
≈≈≈≈.#...)).# ≈≈
≈≈≈######.).##############.#
≈≈≈# #.8.8.8.@3)o.K#.)..#
#.......#5)...'35..#
###############..#+# +..#
####


You could see a sun demon (summoned), a kobold demonologist, a smoke demon
(summoned), an orc warrior and an ufetubus (summoned).

Vanquished Creatures
  Maggie (D:8)
  2 fire bats (D:8)
  A water moccasin (D:6)
  An orc warrior (Bailey)
  A black bear (D:7)
  3 centaurs
  A bullfrog (D:7)
  A water moccasin skeleton (D:6)
  6 killer bees
  2 wights (D:9)
  A bullfrog zombie (D:6)
  A hound (D:5)
  2 lava snakes (D:8)
  A jelly (D:5)
  A gnoll shaman (D:8)
  An orc priest (D:7)
  Terence (D:2)
  5 orc wizards
  A killer bee zombie (D:6)
  A howler monkey zombie (D:5)
  8 gnolls
  4 adders
  A shadow imp (D:5)
  An ufetubus (D:5)
  A worm (D:3)
  2 dart slugs
  23 orcs
  8 ball pythons
  4 bats
  2 endoplasms
  5 giant cockroaches
  13 goblins
  7 hobgoblins
  2 kobolds (D:1)
  A quokka (D:2)
  2 frilled lizards
  A quokka skeleton (D:4)
  5 rats
124 creatures vanquished.

Vanquished Creatures (collateral kills)
  2 fire bats (D:8)
  A hell hound (D:8)
  4 orc warriors
  A black bear (D:7)
  A scorpion (D:6)
  A gnoll sergeant (D:8)
  3 killer bees
  2 wights (D:9)
  A bullfrog zombie (D:6)
  2 bullfrog skeletons
  An orc priest (D:7)
  A gnoll shaman (D:9)
  2 iguanas
  3 orc wizards
  A killer bee zombie (D:6)
  2 howler monkey zombies
  7 gnolls
  An adder (D:5)
  A shadow imp (D:6)
  2 white imps
  7 orcs
  3 goblins
  A hobgoblin (Bailey)
  A fire vortex (D:8)
51 creatures vanquished.

Vanquished Creatures (others)
  2 battlemagi
  A gnoll (D:8)
  2 fire vortices (D:8)
  3 fungi (D:8)
  15 plants
23 creatures vanquished.

Grand Total: 198 creatures vanquished

Notes
Turn   | Place    | Note
-------+----------+-------------------------------------------
     0 | D:1      | issech the Minotaur Monk began the quest for the Orb.
     0 | D:1      | Reached XP level 1. HP: 19/19 MP: 0/0
   266 | D:1      | Reached XP level 2. HP: 17/27 MP: 1/1
   826 | D:1      | You fall into a shaft and drop 1 floor!
  1022 | D:2      | Noticed Terence
  1035 | D:2      | Killed Terence
  1036 | D:2      | Reached skill level 1 in Armour
  1036 | D:2      | Reached XP level 3. HP: 15/34 MP: 2/2
  1232 | D:1      | Found a faded altar of an unknown god.
  1484 | D:1      | Reached skill level 1 in Short Blades
  1819 | D:2      | Found a sparkling altar of Nemelex Xobeh.
  1825 | D:2      | Reached XP level 4. HP: 41/41 MP: 3/3
  2328 | D:3      | Found a white marble altar of Elyvilon.
  2619 | D:3      | Found a stormy altar of Qazlal.
  2774 | D:3      | Reached skill level 2 in Armour
  2784 | D:3      | Reached XP level 5. HP: 44/47 MP: 4/4
  2898 | D:3      | Reached skill level 3 in Armour
  3298 | D:3      | Found a snail-covered altar of Cheibriados.
  3342 | D:4      | Noticed a +0 hand axe
  3343 | D:4      | Noticed a +0 hand axe
  3363 | D:4      | Found Juci's Weapon Shoppe.
  3598 | D:4      | Found a hide-covered altar of Uskayaw.
  3783 | D:5      | Entered Level 5 of the Dungeon
  3819 | D:5      | Reached skill level 4 in Armour
  3819 | D:5      | Reached XP level 6. HP: 49/55 MP: 5/5
  4355 | D:5      | Reached skill level 5 in Fighting
  4401 | D:5      | Found a shimmering blue altar of Sif Muna.
  4435 | D:5      | Found a hazy altar of Hepliaklqana.
  4488 | D:5      | Became a worshipper of Hepliaklqana the Forgotten
  4488 | D:5      | Reached * piety under Hepliaklqana
  4488 | D:5      | Reached ** piety under Hepliaklqana
  4489 | D:5      | Remembered your ancestor Sosibius as a battlemage
  4516 | D:5      | Found a broken altar of Ashenzari.
  4657 | D:5      | Reached skill level 5 in Armour
  4661 | D:5      | Reached XP level 7. HP: 34/54 MP: 6/6
  4732 | D:5      | Identified the +1 robe of the Sacrificial Victim {rElec}
  5124 | D:6      | Reached skill level 6 in Armour
  5328 | D:6      | Reached skill level 7 in Armour
  5336 | D:6      | Reached XP level 8. HP: 59/63 MP: 7/7
  5889 | D:6      | Reached skill level 5 in Short Blades
  6199 | D:7      | Reached skill level 8 in Armour
  6374 | D:7      | Reached *** piety under Hepliaklqana
  6564 | D:7      | Found a staircase to the Ecumenical Temple.
  6576 | Temple   | Entered the Ecumenical Temple
  6752 | D:7      | Found a bloodstained altar of Trog.
  6761 | D:7      | Reached skill level 9 in Armour
  6973 | D:7      | Found Past's Antique Armour Shop.
  7242 | D:8      | Noticed Maggie
  7455 | D:8      | Killed Maggie
  7456 | D:8      | Reached XP level 9. HP: 70/70 MP: 8/8
  7522 | D:8      | Reached skill level 10 in Armour
  8069 | D:8      | Found a staircase to the Lair.
  8092 | D:8      | Reached skill level 5 in Axes
  8275 | D:8      | Found a transporter.
  8275 | D:8      | Found a transporter.
  8275 | D:8      | Noticed a boulder beetle
  8317 | D:8      | Found a radiant altar of Vehumet.
  8343 | D:8      | Found Zin's Purification Station.
  8348 | D:8      | Found a glowing silver altar of Zin.
  8633 | D:9      | Reached skill level 11 in Armour
  9151 | D:9      | Found a flagged portal.
  9195 | Bailey   | Entered a bailey
  9343 | Bailey   | Noticed a kobold demonologist
  9345 | Bailey   | Noticed a sun demon
  9357 | Bailey   | Noticed a smoke demon
  9358 | Bailey   | Killed from afar by a smoke demon

Illustrated notes

Levels and vault maps discovered:
D:1:      nzn_arrival_depleted_hourglass, layout_basic, basic_ecumenical_altar,
          solitary_fountain, nicolae_concentric_dashed_squares_wild,
          minmay_pentomino_z2
D:2:      layout_rooms, basic_altar, uniq_terence
D:3:      layout_loops_ring, elyvilon_altar_3,
          mainiacjoe_overflow_catch_the_wave
D:4:      layout_rooms, dancing_weapons_uskayaw, serial_shops,
          nicolae_shop_crystal, minmay_misc_feat_diagonals,
          minmay_misc_feat_five
D:5:      layout_basic, nicolae_ashenzari_skybound,
          mainiacjoe_overflow_boulevard, nicolae_hepliaklqana_hazy_memory,
          enter_ossuary_2, patterned_corridor
D:6:      layout_cave_pods
D:7:      layout_gridville, trog_ov_bears_minmay, minmay_temple_entry_mist,
          serial_shops, shop, kennysheep_doodads
D:8:      gammafunk_boulding_lane, layout_rooms, zin_purify, vehumet_crystals,
          dpeg_oklobed_lair, serial_rivers, chequers_serial_rivers_small_a,
          chequers_serial_rivers_room_b, chequers_serial_rivers_micro_c,
          chequers_serial_rivers_large_a, hangedman_incinerator, uniq_maggie
D:9:      layout_rooms, enter_bailey_3
Temple:   eino_temple_lava
Bailey:   bailey_axe_of_yendor_kennysheep, bailey

Skill      XL: |  1  2  3  4  5  6  7  8  9 |
---------------+----------------------------+-----
Axes           | 4 6 |  6.4
Fighting       | 4 5 6 7 |  7.8
Armour         | 1 2 4 5 7 9 11 | 11.2
Short Blades   | 1 2 3 4 6 7 |  7.5
Stealth        | 2 |  2.9
Dodging        | 4 |  4.4

Action                   |  1- 3 |  4- 6 |  7- 9 || total
-------------------------+-------+-------+-------++-------
Melee: Hand axe          |    15 |       |       ||    15
       Headbutt          |    12 |    34 |    49 ||    95
       Short sword       |    47 |   156 |   114 ||   317
       Punch             |       |     1 |     4 ||     5
       Broad axe         |       |       |    73 ||    73
Throw: Stone             |       |       |     1 ||     1
Invok: Ancestor Life: Ba |       |     1 |       ||     1
  Use: Scroll            |       |     3 |     8 ||    11
 Stab: Distracted        |       |       |     4 ||     4
Armor: Chain mail        |    17 |       |       ||    17
       Plate armour      |    38 |   114 |   189 ||   341
Dodge: Dodged            |    26 |    44 |    93 ||   163
